Map: [ESL] Hecate

Players

LiquidElazer (Elazer) - Winner!

  • Race: Zerg Zerg
  • Spawn Location: 7:00

Dolan

  • Race: Terran Terran
  • League: Master
  • Spawn Location: 1:00

Event: HomeStory Cup XXIV

VOD

Have the link to the VOD?

Description

Time

  • Played on: Dec. 1, 2023, 6:42 a.m.
  • Length: 5:03

All games in this series

Show
View Real Time Build Order
Export as new Build Order

LiquidElazer Zerg - Winner!

Build Orders: Hatch First 

Get SALT Encoding   

  12  0:00  Drone  
  13  0:12  Overlord  
  13  0:17  Drone  
  14  0:30  Drone x2  
  16  0:47  Hatchery  
  15  0:50  Drone  
  15  0:54  Drone  
  17  0:57  Drone  
  18  1:09  Extractor  
  17  1:12  Spawning Pool  
  17  1:15  Drone  
  17  1:18  Drone  
  18  1:28  Drone  
  19  1:39  Drone  
  20  1:49  Drone  
  21  1:59  Queen x2  
  21  2:00  Drone  
  26  2:01  Overlord  
  26  2:12  Drone x2  
  28  2:21  Hatchery  
  27  2:26  Drone  
  27  2:27  Drone  
  29  2:30  Metabolic Boost  
  29  2:37  Queen  
  29  2:41  Drone  
  29  2:42  Drone  
  33  2:46  Overlord  
  33  2:52  Drone  
  33  2:53  Drone  
  35  3:03  Queen  
  37  3:08  Drone x3  
  37  3:09  Overlord  
  40  3:13  Drone  
  40  3:18  Queen, Spine Crawler  
  42  3:24  Zergling x2  
  42  3:25  Zergling x2  
  44  3:28  Zergling x6  
  44  3:33  Overlord  
  47  3:38  Zergling x2  
  47  3:39  Queen  
  50  3:41  Zergling x4  
  50  3:42  Zergling x2  
  50  3:45  Zergling x4  
  55  3:52  Zergling x8  
  57  3:58  Zergling x2  
  57  4:01  Overlord  
  56  4:10  Zergling x6  
  56  4:14  Zergling x8  
  58  4:19  Queen  
  58  4:20  Zergling x4  
  58  4:23  Queen  
  64  4:31  Zergling x6  
  63  4:35  Zergling x6  
  63  4:38  Zergling x2  
Show
View Real Time Build Order
Export as new Build Order

Dolan Terran 

Build Orders: 2 Factory, Cyclone Opening 

Get SALT Encoding   

  12  0:00  SCV  
  13  0:12  SCV  
  14  0:17  Supply Depot  
  14  0:24  SCV  
  15  0:38  SCV  
  15  0:40  Barracks  
  16  0:43  Refinery  
  16  0:50  SCV  
  16  0:52  Refinery  
  17  1:02  SCV  
  18  1:15  SCV  
  19  1:27  Orbital Command, Marine  
  19  1:32  Factory  
  20  1:45  Marine  
  21  1:53  SCV  
  22  1:55  Factory  
  22  2:04  Barracks Reactor  
  22  2:05  SCV  
  23  2:10  Supply Depot  
  23  2:16  Factory Reactor  
  23  2:19  Supply Depot  
  23  2:31  SCV  
  24  2:47  Cyclone x2  
  28  2:51  Barracks Tech Lab  
  28  2:54  Cyclone  
  28  2:55  Cyclone  
  32  3:00  Supply Depot  
  32  3:19  Cyclone x2  
  36  3:32  Cyclone  
  36  3:33  Cyclone  
  40  3:51  Cyclone  
  42  3:57  Cyclone  
  41  4:16  Cyclone  
  41  4:17  Cyclone  
Tags
 
Add a new tag
Caveats
  • Supply blocks, unpowered buildings, or Contaminate may cause inaccurate times.
  • Supply counts are checked every 10 seconds.